 Dungeon Crawl Stone Soup version 0.32-a0-876-gcfddb08 (webtiles) character file.

Game seed: 6059225165256140694

5236163 sdynet the Black Lotus (level 27, 232/232 HPs)
             Began as a Vine Stalker Fighter on Mar 31, 2024.
             Was the Champion of Nemelex Xobeh.
             Escaped with the Orb
             ... and 6 runes
             ... and 7 gems on Apr 1, 2024!
             The game lasted 04:32:32 (64071 turns).

sdynet the Black Lotus (Vine Stalker Fighter)      Turns: 64071, Time: 04:32:33

Health: 232/232    AC: 46    Str: 32    XL:     27
Magic:  45/47      EV: 21    Int: 16    God:    Nemelex Xobeh [******]
Gold:   4919       SH: 31    Dex: 22    Spells: 23/38 levels left

rFire   + +          .
                       - Unarmed
rCold   + . .        c - +8 tower shield {rC+ rF+}
rNeg    + + .        (body armour currently unavailable)
rPois   ∞            B - +3 hat of Pondering {ponderous, Will+ MP+10 Int+5}
rElec   +            K - +4 dragonskin cloak {Aegis}
rCorr   +            (gloves currently unavailable)
SInv    .            (boots currently unavailable)
Will    ++++.        Q - macabre finger necklace {Finger+ rN+}
Stlth   ++           N - ring of the Tortoise {AC+8}
HPRegen 1.38/turn    F - ring of Suheog {rF+ Int+3}
MPRegen 0.30/turn    S - ring "Ihyitur" {rCorr Dex+7 Slay-2}

%: guardian spirit
@: statue-form, studying Spellcasting, very slow
A: slow and powerful, torment resistance 1, boosted hp, fangs 3, regeneration 1,
magic shield, antimagic bite, no potion heal 2, low MP 1, passive freeze, robust
1
0: Orb of Zot
}: 6/15 runes: decaying, serpentine, slimy, silver, golden, abyssal
a: Begin Untransformation, Renounce Religion, Draw Escape, Draw Destruction,
Draw Summoning, Draw Stack, Triple Draw, Deal Four, Stack Five


You escaped.
You worshipped Nemelex Xobeh.
Nemelex Xobeh was exalted by your worship.
You were a living statue of rough stone.
You visited 13 branches of the dungeon, and saw 59 of its levels.
You visited the Abyss 1 time.
You also visited: Sewer, Bailey, Gauntlet, Ice Cave and Wizlab.

You collected 15425 gold pieces.
You spent 10506 gold pieces at shops.

Inventory:

Missiles
 g - 7 throwing nets
 Y - 17 curare-tipped darts
Armour
 b - +1 gold dragon scales
 c - a +8 tower shield of resistance (worn)
 z - a scarf of shadows
 B - the +3 hat of Pondering (worn) {ponderous, Will+ MP+10 Int+5}
   (You bought it in a shop on level 1 of the Elven Halls)

   Int+5:     It affects your intelligence (+5).
   Will+:     It increases your willpower.
   MP+10:     It affects your magic capacity (+10).
 K - the +4 dragonskin cloak (worn) {Aegis}
   (You took it off Tiamat on level 1 of the Realm of Zot)

   Avatar's Aegis: It grants the wearer a chance to resist fire, cold, poison,
   electricity, acid, and negative energy.
Jewellery
 e - a ring of flight
 y - the ring "Cahumm" {rF- rC+ Str+6 SInv}
   (You found it on level 3 of the Tomb of the Ancients)

   [ring of strength]

   Str+6:     It affects your strength (+6).
   rF-:       It makes you vulnerable to fire.
   rC+:       It protects you from cold.
   SInv:      It lets you see invisible.
 F - the ring of Suheog (right fist) {rF+ Int+3}
   (You bought it in a shop on level 4 of the Snake Pit)

   [ring of protection from fire]

   Int+3:     It affects your intelligence (+3).
   rF+:       It protects you from fire.
 N - the ring of the Tortoise (left fist) {AC+8}
   (You found it on level 1 of the Snake Pit)

   [ring of protection]

   AC+8:      It affects your AC (+8).
 Q - the macabre finger necklace (around neck) {Finger+ rN+}
   (You found it on level 5 of the Lair of Beasts)

   [amulet of nothing]

   Finger+:   It enables you to equip an extra ring.
   rN+:       It protects you from negative energy.
 S - the ring "Ihyitur" (on amulet) {rCorr Dex+7 Slay-2}
   (You found it on level 5 of the Pits of Slime)

   [ring of resist corrosion]

   Dex+7:     It affects your dexterity (+7).
   Slay-2:    It affects your accuracy & damage with ranged weapons and melee
   (-2).
   rCorr:     It protects you from acid and corrosion.
Talismans
 A - a granite talisman (active)
Wands
 h - a wand of light (28)
 G - a wand of warping (79)
 O - a wand of digging (22)
Scrolls
 a - a scroll of silence {!r}
 f - 16 scrolls of teleportation {!r}
 j - 2 scrolls of butterflies
 l - 20 scrolls of blinking
 o - 5 scrolls of poison
 p - 12 scrolls of vulnerability
 s - 2 scrolls of noise
 t - 6 scrolls of fear {!r}
 M - 11 scrolls of fog {!r}
 P - 2 scrolls of immolation
 V - 2 scrolls of revelation {!r}
Potions
 d - 10 potions of berserk rage {!q}
 i - 7 potions of attraction
 k - 10 potions of mutation
 m - a potion of might {!q}
 q - 14 potions of cancellation {!q}
 r - 4 potions of enlightenment {!q!q}
 u - a potion of ambrosia {!q}
 w - a potion of resistance {!q}
 x - 30 potions of curing {!q}
 D - 2 potions of invisibility {!q}
 H - 10 potions of lignification {!q}
 I - 2 potions of magic {!q}
 U - a potion of haste {!q}
Miscellaneous
 n - a sack of spiders
 v - a lightning rod (4/4)
 C - a tin of tremorstones (2/2)
 E - a phantom mirror
 J - a figurine of a ziggurat {!v}
 L - a phial of floods


   Skills:
 + Level 22.8 Fighting
 - Level 1.0 Throwing
 - Level 5.4 Armour
 - Level 13.0 Dodging
 - Level 6.0 Stealth
 + Level 20.2 Shields
 + Level 22.3 Unarmed Combat
 - Level 6.0 Spellcasting
 - Level 6.0 Necromancy
 - Level 6.0 Translocations
 - Level 6.0 Earth Magic
 O Level 27 Invocations
 - Level 4.0 Evocations
 - Level 19.0 Shapeshifting


You had 23 spell levels left.
You knew the following spells:

 Your Spells              Type           Power      Damage    Failure   Level
a - Lesser Beckoning      Tloc           48%        N/A       2%          2
b - Passage of Golubria   Tloc           24%        N/A       17%         4
c - Fugue of the Fallen   Necr           24%        N/A       4%          3
q - Blink                 Tloc           48%        N/A       2%          2
A - Apportation           Tloc           48%        N/A       1%          1
P - Passwall              Erth           24%        N/A       4%          3

Your spell library contained the following spells:

 Spells                   Type           Power      Damage    Failure   Level
 Necrotise                Necr           96%        1d8       1%          1
 Sandblast                Erth           48%        2d12      1%          1
 Teleport Other           Tloc           24%        N/A       4%          3
 Momentum Strike          Conj/Tloc      28%        3d8       9%          2
 Cigotuvi's Dreadful Rot  Necr/Alch/Air  22%        N/A       13%         2
 Animate Dead             Necr           24%        N/A       17%         4
 Dispel Undead            Necr           24%        3d12      17%         4
 Magic Dart               Conj           16%        1d3       21%         1
 Shock                    Conj/Air       16%        1d4       21%         1
 Sting                    Conj/Alch      16%        1d4       21%         1
 Summon Small Mammal      Summ           16%        N/A       21%         1
 Call Imp                 Summ           8%         N/A       30%         2
 Ensorcelled Hibernation  Hex/Ice        8%         N/A       30%         2
 Jinxbite                 Hex            8%         N/A       30%         2
 Mercury Vapours          Alch/Air       8%         N/A       30%         2
 Scorch                   Fire           8%         2d5       30%         2
 Borgnjor's Vile Clutch   Necr/Erth      12%        N/A       43%         5
 Lee's Rapid Deconstruct  Erth           12%        3d8*      43%         5
 Anguish                  Hex/Necr       7%         N/A       50%         4
 Animate Armour           Summ/Erth      28%        N/A       50%         4
 Dimensional Bullseye     Hex/Tloc       7%         N/A       50%         4
 Iskenderun's Mystic Bla Conj/Tloc 14%            2d5        (+2d2     50%         4
 Vhi's Electric Charge    Tloc/Air       28%        N/A       50%         4
 Call Canine Familiar     Summ           4%         N/A       52%         3
 Hailstorm                Conj/Ice       4%         3d5       52%         3
 Inner Flame              Hex/Fire       4%         N/A       52%         3
 Mephitic Cloud           Conj/Alch/Air  4%         N/A       52%         3
 Ozocubu's Armour         Ice            4%         N/A       52%         3
 Sigil of Binding         Hex            4%         N/A       52%         3
 Swiftness                Air            4%         N/A       52%         3
 Tukima's Dance           Hex            4%         N/A       52%         3
 Airstrike                Air            2%         2d(1-17)  89%         4
 Flame Wave               Conj/Fire      4%         2d5       89%         4
 Fulminant Prism          Conj/Alch      2%         3d5       89%         4
 Ignite Poison            Fire/Alch      4%         N/A       89%         4
 Sticky Flame             Fire/Alch      4%         2d4       89%         4
 Summon Blazeheart Golem  Fire/Summ      4%         N/A       89%         4
 Summon Lightning Spire   Summ/Air       4%         N/A       89%         4
 Death Channel            Necr           12%        N/A       95%         6
 Dispersal                Tloc           12%        N/A       95%         6
 Gell's Gavotte           Tloc           12%        2d(16-24) 95%         6
 Alistair's Intoxication  Alch           2%         N/A       99%         5
 Arcjolt                  Conj/Air       2%         1d12      99%         5
 Freezing Cloud           Conj/Ice/Air   2%         6-21      99%         5
 Yara's Violent Unravell  Hex/Alch       2%         3d3       99%         5
 Conjure Ball Lightning   Conj/Air       2%         3x3d6     100%        6
 Eringya's Noxious Bog    Alch           2%         4d6       100%        6
 Plasma Beam              Fire/Air       2%         2x1d12    100%        6
 Sculpt Simulacrum        Ice/Alch       2%         N/A       100%        6
 Summon Cactus Giant      Summ           2%         N/A       100%        6
 Enfeeble                 Hex            2%         N/A       100%        7
 Haunt                    Necr/Summ      7%         N/A       100%        7
 Malign Gateway           Summ/Tloc      7%         N/A       100%        7
 Manifold Assault         Tloc           12%        N/A       100%        7
 Ozocubu's Refrigeration  Ice            2%         4d7       100%        7
 Spellforged Servitor     Conj/Summ      2%         N/A       100%        7
 Summon Hydra             Summ           2%         N/A       100%        7
 Borgnjor's Revivificati  Necr           12%        N/A       100%        8
 Discord                  Hex            2%         N/A       100%        8
 Disjunction              Tloc           12%        N/A       100%        8
 Ignition                 Fire           2%         3d3       100%        8
 Infestation              Necr           12%        N/A       100%        8
 Summon Horrible Things   Summ           2%         N/A       100%        8
 Death's Door             Necr           12%        N/A       100%        9
 Dragon's Call            Summ           2%         N/A       100%        9
 Polar Vortex             Ice            2%         N/A       100%        9
 Sublimation of Blood     Necr           Unusable   N/A       N/A         2

Dungeon Overview and Level Annotations

Branches:
Dungeon (15/15)            Temple (1/1) D:5            Lair (5/5) D:8
  Swamp (4/4) Lair:2        Snake (4/4) Lair:2        Slime (5/5) Lair:5
    Orc (2/2) D:12            Elf (3/3) Orc:2        Vaults (5/5) D:13
  Crypt (3/3) Vaults:3       Tomb (3/3) Crypt:3      Depths (4/4) D:15
    Zot (5/5) Depths:4      Sewer (visited)          Bailey (visited)
  IceCv (visited)          WizLab (visited)         Gauntlet (visited)

Altars:
Ashenzari
Cheibriados
Dithmenos
Elyvilon
Fedhas
Gozag
Hepliaklqana
Kikubaaqudgha
Makhleb
Nemelex Xobeh
Okawaru
Qazlal
Ru
Sif Muna
Trog
Uskayaw
Vehumet
Wu Jian
Xom
Yredelemnul
Zin
The Shining One
Beogh
Jiyva
Lugonu

Shops:
Orc:2 ((((   Elf:1 [*[   Snake:4 (*?=([[   Depths:1 ([*   Depths:2 *
Depths:3 *=(**

Portals:
Hell: Depths:1 Depths:2 Depths:3 Depths:4
Abyss: Depths:3
Pandemonium: Depths:1 Depths:2 Depths:4
Ziggurat: Depths:4

Annotations:
D:3 1 exclusion
Snake:1 1 transporter
Abyss:1 Vv


Innate Abilities, Weirdness & Mutations

You are a living statue of rough stone.
Your actions are slow, but your melee attacks are powerful.
You are resistant to unholy torment.
Your maximum health is greatly increased.
Your equipment is partially melded.
You are immune to poison.
You have razor-sharp teeth.
Your natural rate of healing is unusually fast.
When hurt, damage is shared between your health and your magic reserves.
Your bite disrupts and absorbs the magic of your enemies.
Potions cannot restore your health.
Your magical capacity is low. (-10% MP)
A frigid envelope surrounds you and freezes all who hurt you.
You are robust. (+10% HP)


Message History

The orange demon completely misses you. You block the orange demon's attack.
You pulverise the orange demon!!!!
You kill the orange demon!
No target in view!
No target in view!
No target in view!
Items here: )) [[ †.
You start waiting.
Your magic seems less tainted.
Casting: Passwall (mildly dangerous; 4% risk of failure)
Confirm with . or Enter, or press ? or * to list all spells.
Aiming: Passwall (mildly dangerous; 4% risk of failure)
Press: ? - help, Dir - move target A rock wall.
This square is covered in magical glow.
You begin to meditate on the wall.
You continue meditating on the rock. x2
You finish merging with the rock.
Casting: Passwall (mildly dangerous; 4% risk of failure)
Confirm with . or Enter, or press ? or * to list all spells.
Aiming: Passwall (mildly dangerous; 4% risk of failure)
Press: ? - help, Dir - move target A rock wall.
This square is covered in magical glow.
You miscast Passwall.
You are very lightly contaminated with residual magic.
Nothing appears to happen.
Unknown command.
Casting: Passwall (mildly dangerous; 4% risk of failure)
Confirm with . or Enter, or press ? or * to list all spells.
Aiming: Passwall (mildly dangerous; 4% risk of failure)
Press: ? - help, Dir - move target A rock wall.
This square is covered in magical glow.
You begin to meditate on the wall.
You continue meditating on the rock. x2
You finish merging with the rock.
Your magical contamination has completely faded away.
You open the door.
There is an open door here.
There is a staircase leading out of the dungeon here.
You have escaped!

.####### ###.............### ####
.#...# ##(................##
.#.#.# ##......####.........##
(#.#####.....########........##
.....##.....###....####.......#
#######....##........###......##
# #....###...###...##.......# #
#....##...###'#..###......## #
#....##..##I.###..##.......# #
#....###..##.###..###......# ##
##....##.....##...###......#
.#######....#######....##........
.....# #......####....###........
#....####............## #........
###...# ####......#### ##........
##..# ######## #.....>... #..####
########.........


There were no monsters in sight!

Vanquished Creatures
  the Royal Jelly (Slime:5)
  Dissolution (Slime:3)
  4 pandemonium lords
  Tiamat (Zot:1)
  2 dread liches
  5 ancient liches
  5 orbs of fire
  A juggernaut (Depths:3)
  The ghost of Viwk the Shatterer, a veteran AtGl of Okawaru (Vaults:3)
  16 royal mummies
  Bai Suzhen (Swamp:3)
  Josephina (Zot:4)
  5 Killer Klowns (Zot:5)
  the Lernaean hydra (Swamp:4)
  2 caustic shrikes (Depths:1)
  11 golden dragons
  The ghost of Ites the Warrior, a veteran DsAl of Cheibriados (Vaults:4)
  Jory (Vaults:4)
  A profane servitor (Zot:4)
  A Tzitzimitl (Zot:3)
  3 electric golems
  Zenata (Crypt:1)
  10 liches
  2 Ice Fiends
  6 deep elf blademasters (Elf:3)
  29 tentacled monstrosities
  A walking divine tome (Depths:3)
  31 Orb Guardians
  5 quicksilver dragons
  10 acid blobs
  3 Hell Sentinels
  5 titans
  16 sphinxes
  4 deep elf master archers (Elf:3)
  An Executioner (D:12)
  9 ancient champions
  A tentacled starspawn (Abyss:3)
  14 storm dragons
  A kraken (Abyss:3)
  5 death cobs
  Aizul (Swamp:4)
  8 draconian monks
  10 tengu reavers
  A protean progenitor (Zot:1)
  A daeva (Zot:2)
  5 nagarajas
  Roxanne (Snake:1)
  2 demonspawn warmongers
  13 azure jellies
  7 revenants
  2 draconian knights
  A fenstrider witch (Swamp:3)
  10 shadow dragons
  2 iron dragons
  7 rockslimes
  12 fire giants
  9 frost giants
  11 vault wardens
  An emperor scorpion (Depths:3)
  2 balrugs
  5 draconian scorchers
  2 draconian shifters
  A draconian stormcaller (Zot:4)
  4 deep elf elementalists
  5 ghost moths
  2 caustic shrike zombies
  3 curse skulls
  2 deep elf sorcerers (Elf:3)
  6 reapers
  7 stone giants
  5 draconian annihilators
  22 ironbound preservers
  2 orc warlords (Vaults:4)
  7 ghouls
  13 quicksilver oozes
  30 very ugly things
  15 ironbound thunderhulks
  6 formless jellyfish
  A spriggan defender (Depths:1)
  16 green draconians
  5 war gargoyles
  8 bennus
  A caustic shrike skeleton (Tomb:2)
  10 black draconians
  3 deep elf demonologists
  14 dire elephants
  3 eleionomae (Swamp:3)
  8 vampire knights
  5 red draconians
  8 deep elf annihilators
  5 bunyips
  11 purple draconians
  9 deep elf death magi
  11 white draconians
  A minotaur (Gauntlet)
  8 yellow draconians
  2 eidola
  9 spark wasps
  31 mummy priests
  10 fire dragons
  A merfolk impaler (Depths:2)
  3 blizzard demons
  13 ettins
  4 entropy weavers
  3 crystal guardians (WizLab)
  A shambling mangrove (Abyss:3)
  A deep elf high priest (Vaults:4)
  20 jiangshi
  A fenstrider witch zombie (Crypt:2)
  4 rakshasas
  9 yaktaur captains
  9 peacekeepers
  6 great orbs of eyes
  35 vault guards
  17 hydras
  An anaconda (shapeshifter) (Slime:1)
  9 ghost crabs
  6 ice dragons
  3 hell beasts
  6 salamander tyrants
  A jorogumo (Zot:1)
  3 centaur warriors
  A spriggan air mage (Depths:1)
  12 ironbound frosthearts
  11 boulder beetles
  A satyr (Vaults:4)
  13 anacondas
  15 dancing weapons
  A fenstrider witch skeleton (Tomb:2)
  A two-headed ogre (shapeshifter) (Snake:4)
  8 two-headed ogres
  3 alligators
  5 tengu warriors
  A death yak (Lair:4)
  A death knight (D:15)
  3 hell hogs (Depths:3)
  39 death scarabs
  2 deep troll shamans
  A sphinx skeleton (Depths:2)
  3 thrashing horrors (Abyss:3)
  8 vampire magi
  11 naga sharpshooters
  3 deep troll earth magi
  13 deep elf knights
  2 occultists (Depths:3)
  14 naga warriors
  2 titan zombies
  2 spriggan berserkers (Depths:2)
  A shock serpent (Snake:4)
  5 soul eaters
  7 sun demons
  7 iron trolls
  2 fire crabs (Abyss:3)
  6 spriggans
  A titan skeleton (Vaults:5)
  19 hell knights
  4 sixfirhies (Gauntlet)
  3 shadow wraiths
  A death drake (Elf:3)
  7 skysharks
  26 skeletal warriors
  An anaconda zombie (Crypt:2)
  70 deep trolls
  5 glowing orange brains
  11 salamander mystics
  6 goliath frogs
  3 sea snakes
  4 spriggan druids
  22 bog bodies
  7 naga ritualists
  A shadow demon (Zot:3)
  6 flayed ghosts
  An obsidian statue (Gauntlet)
  A glowing orange brain (shapeshifter) (Vaults:3)
  11 swamp dragons
  7 arcanists
  23 ironbound convokers
  7 mana vipers
  7 thermic dynamos
  15 deep elf archers
  A sun moth (Snake:4)
  A spriggan simulacrum (Crypt:2)
  11 harpies
  12 necromancers
  23 deep elf pyromancers
  13 phantasmal warriors
  3 anaconda skeletons
  2 shadow dragon zombies
  2 lightning spires (WizLab)
  A steelbarb worm (shapeshifter) (Depths:1)
  A wolf spider zombie (Crypt:2)
  A shock serpent (shapeshifter) (Vaults:5)
  A wolf spider (Zot:4)
  16 lindwurms
  12 orc knights
  2 oklob plants (Lair:2)
  A goliath frog zombie (Crypt:2)
  A tengu skeleton (Depths:1)
  13 deep elf zephyrmancers
  An iron dragon zombie (Crypt:2)
  34 ugly things
  A frost giant zombie (Crypt:1)
  2 shining eyes
  An orc sorcerer (Orc:2)
  24 salamanders
  6 will-o-the-wisps
  3 elephants (Lair:2)
  3 manticores
  A faun (shapeshifter) (Vaults:5)
  11 guardian serpents
  A faun (Zot:1)
  2 centaur zombies
  20 moths of wrath
  2 stone giant zombies
  6 cyclopes
  7 kobold blastminers (Orc:2)
  23 naga magi
  An eleionoma skeleton (Crypt:1)
  13 vault sentinels
  A frost giant skeleton (Depths:2)
  3 eyes of devastation
  A dire elephant zombie (Tomb:1)
  2 smoke demons
  21 cane toads
  47 black mambas
  3 rust devils
  2 stone giant skeletons (Crypt:2)
  An eye of devastation (shapeshifter) (Vaults:5)
  An ice statue (IceCv)
  2 molten gargoyles (WizLab)
  2 apocalypse crabs (Abyss:3)
  An orange demon (D:1)
  A hellion (D:9)
  3 alligator snapping turtle skeletons
  A yaktaur zombie (Vaults:5)
  5 ice devils
  A mana viper skeleton (Crypt:1)
  8 gargoyles
  A storm dragon simulacrum (Zot:4)
  A rime drake (Snake:4)
  28 yaktaurs
  9 freezing wraiths
  6 komodo dragons
  2 tengu conjurers
  A yellow draconian zombie (Crypt:2)
  An ancient zyme (Abyss:3)
  73 guardian mummies
  A red devil (D:9)
  A tormentor (Zot:1)
  4 polar bears
  A hydra zombie (Crypt:2)
  26 tyrant leeches
  3 hellwings
  4 queen bees
  2 trolls
  3 harpy zombies
  5 glass eyes
  3 merfolk
  A wind drake (Swamp:4)
  13 hornets
  14 blink frogs
  2 glass eyes (shapeshifter)
  A frost giant simulacrum (Depths:2)
  A dream sheep (shapeshifter) (Vaults:3)
  3 tarantellas
  A guardian serpent zombie (Crypt:3)
  An ice dragon zombie (Crypt:2)
  A fire dragon zombie (Crypt:2)
  A stone giant simulacrum (Crypt:2)
  2 centaur simulacra (Crypt:2)
  94 slime creatures
  A draconian simulacrum (Zot:4)
  A human simulacrum (Crypt:2)
  2 black mamba zombies (Crypt:2)
  4 wyverns
  2 dream sheep
  A vampire (Depths:2)
  2 dire elephant simulacra (IceCv)
  An ettin skeleton (Vaults:5)
  A shadow (D:12)
  9 wraiths
  An ice dragon skeleton (Crypt:1)
  30 yaks
  An elf simulacrum (Vaults:4)
  7 fire elementals
  37 ushabtiu
  5 water elementals
  2 ynoxinuls
  A naga simulacrum (Crypt:2)
  A fire bat (Snake:4)
  3 basilisks
  8 humans
  Grum (D:11)
  19 golden eyes
  56 nagas
  A warg (Orc:2)
  15 redbacks
  2 steam dragons
  2 neqoxecs
  2 redbacks (shapeshifter)
  15 vampire mosquitoes
  A yellow draconian simulacrum (Zot:4)
  26 swamp worms
  4 acid dragons
  A harpy simulacrum (Crypt:2)
  Edmund (D:6)
  A faun zombie (Crypt:2)
  2 swamp worms (shapeshifter)
  11 water moccasins
  A naga zombie (Tomb:2)
  A merfolk skeleton (Crypt:1)
  A water moccasin (shapeshifter) (Vaults:3)
  A moth of wrath simulacrum (Zot:4)
  A human zombie (Depths:1)
  A glowing shapeshifter skeleton (Crypt:3)
  A faun skeleton (Crypt:3)
  5 sky beasts
  A demonspawn skeleton (Crypt:1)
  5 ice beasts
  41 orc warriors
  A meliai simulacrum (D:15)
  7 black bears
  5 laughing skulls
  3 boggarts (Vaults:2)
  11 swamp drakes
  8 ogres
  11 wolves
  A wolf (shapeshifter) (Vaults:3)
  12 centaurs
  4 kobold brigands
  16 bullfrogs
  A brain worm (shapeshifter) (Elf:1)
  3 brain worms
  A salamander zombie (Crypt:2)
  3 gnoll sergeants
  A scorpion (D:6)
  5 earth elementals (WizLab)
  4 wights (Crypt:2)
  An elephant simulacrum (IceCv)
  A killer bee (Snake:4)
  2 electric eels
  A raiju skeleton (Crypt:3)
  2 spriggan skeletons
  The ghost of s1036 the Changeling, a weakling OpSh (D:3)
  4 howler monkeys
  A lava snake (D:7)
  4 hounds
  A wolf skeleton (Crypt:3)
  12 orc priests
  A bombardier beetle (D:4)
  A bullfrog zombie (Crypt:3)
  6 jellies
  2 sleepcaps
  2 boggart zombies
  2 iguanas
  23 orc wizards
  A gnoll bouda (D:6)
  5 yak simulacra (D:11)
  5 polar bear simulacra
  4 wolf simulacra
  53 mummies
  A steam dragon zombie (Crypt:2)
  A swamp drake zombie (Crypt:1)
  6 adders
  23 gnolls
  2 white imps (D:5)
  An ufetubus (Vaults:4)
  3 dart slugs
  A ribbon worm (D:2)
  77 orcs
  9 ball pythons
  8 bats
  14 endoplasms
  9 giant cockroaches
  10 goblins
  5 hobgoblins
  8 jackals
  10 quokkas
  A ball python skeleton (Crypt:3)
  3 frilled lizards
  A hobgoblin skeleton (Crypt:2)
  37 kobolds
  7 rats
  A rat zombie (Crypt:1)
  2 river rat simulacra (D:11)
  An aspiring flesh (Zot:1)
  3 tentacles (Abyss:3)
2780 creatures vanquished.

Vanquished Creatures (collateral kills)
  A royal mummy (Tomb:2)
  A golden dragon (Vaults:5)
  A lich (Vaults:5)
  Mlioglotl (Lair:2)
  A tengu reaver (Depths:3)
  A rockslime (Slime:1)
  A draconian knight (Zot:4)
  A vault warden (Vaults:5)
  A caustic shrike zombie (Crypt:3)
  A cacodemon (Vaults:3)
  2 very ugly things
  2 stone giants
  A black draconian (Zot:4)
  An eleionoma (Swamp:2)
  A white draconian (Zot:4)
  2 ettins (Vaults:5)
  A deep elf high priest (Vaults:5)
  A jiangshi (Crypt:1)
  A great orb of eyes (Slime:1)
  A vault guard (D:13)
  A catoblepas (Lair:5)
  11 dancing weapons (Elf:2)
  An anaconda (Snake:1)
  2 naga warriors (Snake:1)
  2 sun demons (Depths:3)
  4 deep elf knights (Elf:2)
  A shock serpent (Snake:1)
  2 skeletal warriors
  A soul eater (Depths:3)
  A mana viper (shapeshifter) (Vaults:5)
  A death drake (Swamp:3)
  2 bog bodies
  A deep elf archer (Elf:2)
  A mana viper (Snake:1)
  2 deep trolls
  An orc knight (Orc:1)
  A harpy (shapeshifter) (Vaults:3)
  2 arcanists (D:13)
  3 deep elf zephyrmancers (Elf:2)
  A thermic dynamo (Elf:2)
  A necromancer (D:13)
  5 deep elf pyromancers
  3 ugly things
  An alligator skeleton (Crypt:2)
  An iron dragon zombie (Tomb:2)
  A will-o-the-wisp (Swamp:3)
  An orc zombie (Crypt:2)
  2 ice statues (IceCv)
  An eye of devastation (Elf:3)
  A black mamba (Snake:1)
  2 naga magi (Snake:1)
  2 cane toads (Lair:5)
  A freezing wraith (Vaults:5)
  A yaktaur (Vaults:5)
  An anaconda simulacrum (IceCv)
  2 merfolk (shapeshifter) (Vaults:5)
  A bloated husk (Swamp:3)
  A hornet (Swamp:2)
  A blink frog (Lair:5)
  A raiju (Crypt:2)
  A hornet (shapeshifter) (Vaults:3)
  4 slime creatures
  2 spriggans (Swamp:2)
  10 humans (D:13)
  A yak (D:8)
  A slime creature (shapeshifter) (Vaults:3)
  A black mamba simulacrum (Crypt:3)
  A brain worm (Zot:1)
  A bullfrog (Lair:5)
  An earth elemental (Elf:2)
  A bombardier beetle (D:6)
  An orc wizard (D:6)
  3 mummies
  A gnoll (D:6)
  8 orcs
  2 hobgoblins (D:6)
  A kobold (D:3)
  A giant cockroach zombie (Crypt:1)
135 creatures vanquished.

Vanquished Creatures (others)
  A tentacled monstrosity (Zot:1)
  A deep elf blademaster (Elf:3)
  A death cob (Zot:4)
  A draconian monk (Zot:4)
  A ghost moth (Zot:3)
  An eleionoma (Swamp:3)
  A black draconian (Zot:1)
  A deep troll shaman (Depths:3)
  3 deep troll earth magi (Depths:3)
  A deep elf knight (Elf:2)
  A spriggan (Swamp:3)
  An iron troll (Depths:3)
  A phantasmal warrior (Vaults:5)
  A deep elf pyromancer (Elf:3)
  A deep elf zephyrmancer (Elf:3)
  2 moths of wrath
  2 salamanders
  A kobold blastminer (Orc:2)
  A slime creature (D:12)
  A black mamba (Snake:1)
  A storm dragon simulacrum (Zot:4)
  2 cane toads
  3 bloated husks
  A tyrant leech (Swamp:1)
  A hornet (Swamp:3)
  A swamp worm (Swamp:3)
  A naga (Snake:4)
  3 orc warriors (Bailey)
  A laughing skull (Crypt:3)
  2 orc priests (D:6)
  3 orcs (Bailey)
  A kobold (D:6)
  10 ball lightnings
  24 foxfires
  2 tentacles (Abyss:3)
80 creatures vanquished.

Grand Total: 2995 creatures vanquished

Notes
Turn   | Place    | Note
-------+----------+-------------------------------------------
     0 | D:1      | sdynet the Vine Stalker Fighter began the quest for the
                  | Orb.
     0 | D:1      | Reached XP level 1. HP: 11/11 MP: 2/2
    99 | D:1      | Reached XP level 2. HP: 13/16 MP: 3/3
   476 | D:1      | Reached XP level 3. HP: 20/20 MP: 2/4
   496 | D:1      | Found a faded altar of an unknown god.
   924 | D:2      | Reached skill level 1 in Throwing
  1324 | D:2      | Reached XP level 4. HP: 25/25 MP: 3/5
  1418 | D:2      | Found a runed translucent door.
  1419 | D:2      | Noticed Crazy Yiuf
  1831 | D:3      | Found a glowing drain.
  1882 | Sewer    | Entered a sewer
  1968 | Sewer    | Reached XP level 5. HP: 35/35 MP: 6/6
  2313 | D:3      | Found a runed translucent gate.
  2314 | D:3      | Found a runed translucent gate.
  2315 | D:3      | Found a runed translucent gate.
  2318 | D:3      | Noticed s1036's ghost (weakling OpSh)
  3255 | D:4      | Reached XP level 6. HP: 39/39 MP: 7/7
  3461 | D:4      | Reached skill level 1 in Stealth
  3572 | D:4      | Gained mutation: You have an increased reservoir of magic.
                  | (+10% MP) [potion of mutation]
  3572 | D:4      | Gained mutation: You are frail. (-10% HP) [potion of
                  | mutation]
  3573 | D:4      | Lost mutation: You are frail. (-10% HP) [potion of
                  | mutation]
  3573 | D:4      | Lost mutation: You have an increased reservoir of magic.
                  | (+10% MP) [potion of mutation]
  3683 | D:4      | Noticed a black bear
  3688 | D:4      | Killed a black bear
  3689 | D:4      | Reached skill level 1 in Evocations
  3825 | D:4      | Noticed a black bear
  3841 | D:4      | Killed a black bear
  3842 | D:4      | Reached skill level 1 in Dodging
  3842 | D:4      | Reached XP level 7. HP: 33/44 MP: 6/8
  4095 | D:5      | Entered Level 5 of the Dungeon
  4801 | D:5      | Found a staircase to the Ecumenical Temple.
  4815 | Temple   | Entered the Ecumenical Temple
  4969 | D:6      | Noticed Edmund
  4978 | D:6      | Gained mutation: You have razor-sharp teeth. [Vine Stalker
                  | growth]
  4978 | D:6      | Reached XP level 8. HP: 49/49 MP: 9/9
  4999 | D:6      | Killed Edmund
  5341 | D:6      | Reached XP level 9. HP: 22/53 MP: 1/10
  5666 | D:7      | Noticed a hornet
  5676 | D:6      | Killed a hornet
  5762 | D:7      | Found a sacrificial altar of Ru.
  5854 | D:7      | Found a bloodstained altar of Trog.
  6047 | D:7      | Reached skill level 10 in Unarmed Combat
  6328 | D:7      | Found a shimmering blue altar of Sif Muna.
  6725 | D:8      | Reached skill level 10 in Fighting
  6725 | D:8      | Reached XP level 10. HP: 59/59 MP: 11/11
  6977 | D:8      | Found a staircase to the Lair.
  7365 | D:9      | Found a flagged portal.
  7382 | Bailey   | Entered a bailey
  7489 | Bailey   | Noticed an orc knight
  7493 | Bailey   | Killed an orc knight
  7541 | Bailey   | Noticed an orc knight
  7545 | Bailey   | Noticed an orc knight
  7556 | Bailey   | Killed an orc knight
  7557 | Bailey   | Killed an orc knight
  7558 | Bailey   | Reached XP level 11. HP: 17/65 MP: 2/12
  8271 | D:10     | Entered Level 10 of the Dungeon
  8405 | D:9      | Found a basalt altar of Yredelemnul.
  8407 | D:9      | Found a white marble altar of Elyvilon.
  8411 | D:9      | Found an opulent altar of Gozag.
  8413 | D:9      | Found a radiant altar of Vehumet.
  8418 | D:9      | Found a sparkling altar of Nemelex Xobeh.
  8420 | D:9      | Found a glowing golden altar of the Shining One.
  8428 | D:9      | Became a worshipper of Nemelex Xobeh the Trickster
  8634 | D:9      | Reached skill level 1 in Invocations
  8749 | D:8      | Identified the +2 leather armour "Jymm" {rPois Will+ Str-2
                  | Dex+3}
  9343 | D:3      | Killed s1036's ghost
  9421 | D:2      | Crazy Yiuf changed into Crazy Yiuf the centaur
  9421 | D:2      | Noticed Crazy Yiuf
  9429 | D:2      | Killed Crazy Yiuf the centaur
  9745 | D:10     | Noticed a skeletal warrior
  9810 | Lair:1   | Entered Level 1 of the Lair of Beasts
  9866 | D:8      | Reached skill level 2 in Invocations
  9877 | D:8      | Acquired a manual of Dodging
 10106 | Lair:1   | Reached * piety under Nemelex Xobeh
 10356 | Lair:1   | Received a gift from Nemelex Xobeh
 10707 | Lair:2   | Found a frozen archway.
 10713 | IceCv    | Entered an ice cave
 10806 | IceCv    | Reached XP level 12. HP: 54/71 MP: 12/14
 10897 | IceCv    | Reached skill level 5 in Dodging
 10914 | IceCv    | Reached skill level 5 in Shields
 10923 | IceCv    | Identified the +1 leather armour of the Apprentice {Stlth+}
 11063 | Lair:2   | Received a gift from Nemelex Xobeh
 11184 | Lair:2   | Found a staircase to the Swamp.
 11247 | Lair:2   | Found a staircase to the Snake Pit.
 11258 | Lair:2   | Reached skill level 3 in Invocations
 11398 | Lair:2   | Reached ** piety under Nemelex Xobeh
 11543 | Lair:2   | You fall into a shaft and drop 2 floors!
 11649 | Lair:3   | Received a gift from Nemelex Xobeh
 11679 | Lair:3   | Noticed a skyshark
 11686 | Lair:3   | Killed a skyshark
 11759 | Lair:3   | Reached skill level 4 in Invocations
 12107 | Lair:4   | Reached *** piety under Nemelex Xobeh
 12118 | Lair:4   | Noticed a death yak
 12134 | Lair:4   | Killed a death yak
 12186 | Lair:4   | Noticed a skyshark
 12209 | Lair:4   | Killed a skyshark
 12349 | Lair:4   | Reached XP level 13. HP: 76/76 MP: 17/17
 12490 | Lair:4   | Reached skill level 5 in Invocations
 12522 | Lair:4   | Identified the +9 plate armour of Lachrymose the Good
                  | {Dex+5 SInv}
 12924 | Lair:5   | Entered Level 5 of the Lair of Beasts
 12995 | Lair:5   | Found a viscous altar of Jiyva.
 12995 | Lair:5   | Found a staircase to the Slime Pits.
 13235 | Lair:5   | Found the macabre finger necklace {Finger+ rN+}
 13245 | Lair:5   | Reached skill level 6 in Invocations
 13359 | Lair:5   | Got an earthy gem with 593 turns to spare
 13478 | Lair:5   | Received a gift from Nemelex Xobeh
 14679 | Lair:2   | Received a gift from Nemelex Xobeh
 14945 | Lair:2   | Found a blossoming altar of Fedhas.
 14981 | Lair:2   | Reached XP level 14. HP: 65/82 MP: 16/20
 15247 | D:10     | Reached **** piety under Nemelex Xobeh
 15409 | D:10     | Received a gift from Nemelex Xobeh
 15774 | D:10     | Reached skill level 7 in Invocations
 16199 | D:11     | Received a gift from Nemelex Xobeh
 16223 | D:11     | Noticed Grum
 16239 | D:11     | Killed Grum
 16276 | D:11     | Received a gift from Nemelex Xobeh
 16490 | D:11     | Found a gate leading to a gauntlet.
 16506 | Gauntlet | Entered a Gauntlet
 16506 | Gauntlet | Found a transporter.
 16506 | Gauntlet | Found a transporter.
 16506 | Gauntlet | Found a large runed translucent door.
 16506 | Gauntlet | Found a large runed translucent door.
 16506 | Gauntlet | Found a large runed translucent door.
 16506 | Gauntlet | Found a large runed translucent door.
 16506 | Gauntlet | Found a large runed translucent door.
 16506 | Gauntlet | Found a large runed translucent door.
 16506 | Gauntlet | Found a runed translucent door.
 16506 | Gauntlet | Found a runed translucent door.
 16506 | Gauntlet | Found a large runed translucent door.
 16506 | Gauntlet | Found a large runed translucent door.
 16506 | Gauntlet | Found a large runed translucent door.
 16506 | Gauntlet | Found a large runed translucent door.
 16506 | Gauntlet | Found a large runed translucent door.
 16506 | Gauntlet | Found a large runed translucent door.
 16510 | Gauntlet | Found a transporter.
 16510 | Gauntlet | Found a transporter.
 16519 | Gauntlet | Found a transporter.
 16539 | Gauntlet | Found a transporter.
 16544 | Gauntlet | Found a transporter.
 16544 | Gauntlet | Found a transporter.
 16548 | Gauntlet | Found a transporter.
 16560 | Gauntlet | Noticed a dire elephant
 16573 | Gauntlet | Found a transporter.
 16580 | Gauntlet | Found a transporter.
 16593 | Gauntlet | Found a large runed translucent door.
 16594 | Gauntlet | Found a large runed translucent door.
 16596 | Gauntlet | Found a runed translucent gate.
 16597 | Gauntlet | Found a runed translucent gate.
 16598 | Gauntlet | Found a runed translucent gate.
 16598 | Gauntlet | Found a transporter.
 16612 | Gauntlet | Found a large runed translucent door.
 16613 | Gauntlet | Found a large runed translucent door.
 16640 | Gauntlet | Found a transporter.
 16654 | Gauntlet | Found a transporter.
 16754 | Gauntlet | Found a transporter.
 16776 | Gauntlet | Found a transporter.
 16787 | Gauntlet | Received a gift from Nemelex Xobeh
 16988 | Gauntlet | Paralysed by a hornet for 2 turns
 17024 | Gauntlet | Reached skill level 10 in Dodging
 17045 | Gauntlet | Identified the +1 pair of boots of Starshine {Int+4}
 17149 | Gauntlet | Reached ***** piety under Nemelex Xobeh
 17632 | D:12     | Reached skill level 8 in Invocations
 17798 | D:12     | Received a gift from Nemelex Xobeh
 18123 | D:12     | Received a gift from Nemelex Xobeh
 18165 | D:12     | Found a staircase to the Orcish Mines.
 18408 | Orc:1    | Entered Level 1 of the Orcish Mines
 18613 | Orc:1    | Received a gift from Nemelex Xobeh
 18799 | Orc:2    | Entered Level 2 of the Orcish Mines
 18997 | Orc:2    | Found a staircase to the Elven Halls.
 19028 | Orc:2    | Reached XP level 15. HP: 76/87 MP: 19/22
 19078 | Orc:2    | Found Beucaedd's Antique Weapon Shop.
 19078 | Orc:2    | Found Osezual's Antique Weapon Emporium.
 19080 | Orc:2    | Found Kushejom's Antique Weapon Shoppe.
 19082 | Orc:2    | Found Tejorghep's Weapon Boutique.
 19699 | Orc:1    | Found a roughly hewn altar of Beogh.
 19724 | Orc:1    | Received a gift from Nemelex Xobeh
 20604 | D:13     | Received a gift from Nemelex Xobeh
 20709 | D:13     | Reached skill level 9 in Invocations
 20713 | D:13     | Reached skill level 15 in Unarmed Combat
 20718 | D:13     | Found a gate to the Vaults.
 21566 | D:14     | Noticed Agnes
 21571 | D:14     | Agnes changed into Agnes the two-headed ogre
 21571 | D:14     | Noticed Agnes
 21574 | D:14     | Killed Agnes the two-headed ogre
 21868 | D:15     | Entered Level 15 of the Dungeon
 21868 | D:15     | Received a gift from Nemelex Xobeh
 22078 | D:15     | Found a staircase to the Depths.
 22078 | D:15     | Noticed a fire giant
 22092 | D:15     | Killed a fire giant
 22344 | D:15     | Reached skill level 10 in Shields
 22408 | D:15     | Received a gift from Nemelex Xobeh
 22424 | D:15     | Reached XP level 16. HP: 57/93 MP: 15/24
 22770 | D:15     | Reached skill level 10 in Invocations
 23038 | Swamp:1  | Entered Level 1 of the Swamp
 23038 | Swamp:1  | Noticed Mlioglotl
 23053 | Lair:2   | Killed Mlioglotl
 23956 | Swamp:2  | Received a gift from Nemelex Xobeh
 24984 | Swamp:3  | Reached skill level 15 in Fighting
 25466 | Swamp:3  | Reached skill level 11 in Invocations
 25768 | Swamp:3  | Reached XP level 17. HP: 95/99 MP: 26/26
 25776 | Swamp:3  | Received a gift from Nemelex Xobeh
 25789 | Swamp:3  | Reached skill level 5 in Armour
 26188 | Swamp:3  | Got the Compilation of the Autopsy and Nigredo
 26462 | Snake:1  | Entered Level 1 of the Snake Pit
 26853 | Snake:1  | Received a gift from Nemelex Xobeh
 26971 | Snake:1  | Noticed Roxanne
 27040 | Snake:1  | Found the ring of the Tortoise {AC+8}
 27043 | Snake:1  | Found a transporter.
 27046 | Snake:1  | Found a transporter.
 27283 | Snake:1  | Received a gift from Nemelex Xobeh
 27442 | Snake:1  | Killed Roxanne
 27509 | Snake:2  | Reached ****** piety under Nemelex Xobeh
 27664 | Snake:2  | Reached skill level 1 in Shapeshifting
 27832 | Snake:1  | Reached skill level 5 in Shapeshifting
 28256 | Snake:2  | Received a gift from Nemelex Xobeh
 29151 | Snake:2  | Received a gift from Nemelex Xobeh
 30043 | Snake:3  | Received a gift from Nemelex Xobeh
 30365 | Swamp:4  | Entered Level 4 of the Swamp
 30416 | Swamp:4  | Noticed the 27-headed Lernaean hydra
 30420 | Swamp:4  | Reached XP level 18. HP: 104/104 MP: 18/27
 30421 | Swamp:4  | Killed the 27-headed Lernaean hydra
 30459 | Swamp:3  | Reached skill level 10 in Shapeshifting
 30486 | Swamp:4  | Noticed Bai Suzhen
 30526 | Swamp:3  | Killed Bai Suzhen
 30745 | Swamp:4  | Identified the serpent talisman "Umnios" {rN+ Dex+4}
 30745 | Swamp:4  | Noticed Aizul
 30757 | Swamp:4  | Killed Aizul
 30855 | Swamp:4  | Got a decaying rune of Zot
 31781 | Snake:3  | Received a gift from Nemelex Xobeh
 31845 | Snake:4  | Entered Level 4 of the Snake Pit
 31924 | Snake:4  | Found Duutoch's Assorted Antiques.
 31924 | Snake:4  | Found Vinnasm's Antique Weapon Boutique.
 32251 | Snake:4  | Found Fekhlarann's Jewellery Emporium.
 32252 | Snake:4  | Found Goted's Magic Scroll Boutique.
 32253 | Snake:4  | Found Casiecuo's Weapon Shoppe.
 32356 | Snake:4  | Received a gift from Nemelex Xobeh
 32457 | Snake:4  | Found Rocuesk's Antique Armour Shoppe.
 33673 | Snake:4  | Reached XP level 19. HP: 108/108 MP: 28/28
 33812 | Snake:4  | Got a serpentine rune of Zot
 33961 | Snake:4  | Received a gift from Nemelex Xobeh
 34071 | Snake:4  | Found Ovawk's Antique Armour Shop.
 34477 | Elf:1    | Entered Level 1 of the Elven Halls
 34533 | Elf:1    | Received a gift from Nemelex Xobeh
 34549 | Elf:1    | Identified the +7 hand axe "Killer Klown's Curse" {venom,
                  | rElec Str+6 Dex-5}
 34581 | Elf:1    | Reached skill level 15 in Shapeshifting
 34773 | Elf:1    | Received a gift from Nemelex Xobeh
 34955 | Elf:1    | Found Utujidgh's General Store.
 34964 | Elf:1    | Bought a scroll of poison for 76 gold pieces
 34964 | Elf:1    | Bought a scroll of blinking for 142 gold pieces
 34969 | Elf:1    | Found Enaps's Armour Shop.
 35003 | Elf:1    | Bought the +3 hat of Pondering {ponderous, Will+ MP+10
                  | Int+5} for 685 gold pieces
 35003 | Elf:1    | Found the +3 hat of Pondering {ponderous, Will+ MP+10
                  | Int+5}
 35125 | Elf:1    | Found Coich's Armour Emporium.
 35385 | Elf:2    | Received a gift from Nemelex Xobeh
 35417 | Elf:3    | Entered Level 3 of the Elven Halls
 35446 | Elf:3    | Identified the -1 quarterstaff "Joegiat" {venom, Will-
                  | rCorr Int+3 Dex+6}
 35597 | Elf:3    | Found the +8 pair of quick blades "Gyre" and "Gimble"
                  | {protect}
 35679 | Elf:3    | Received a gift from Nemelex Xobeh
 35722 | Elf:3    | Reached XP level 20. HP: 114/114 MP: 29/29
 35760 | Elf:3    | Identified the amulet "Qonnes" {Faith Int+3}
 35872 | Elf:3    | Identified the +2 long sword of Laceration {flame, rPois
                  | Int+5 Dex+3 Stlth+}
 35878 | Elf:3    | Noticed a Tzitzimitl
 35894 | Elf:3    | Got the Incunabulum of Hot Topology
 35933 | Elf:3    | Identified the quicksilver dragon scales of Noughts and
                  | Crosses {rN+ Will+ Str+2}
 36036 | Elf:3    | Found the +7 mace of Variability {chaos, chaos arc}
 36543 | Elf:2    | Found a runed translucent gate.
 36544 | Elf:2    | Found a runed translucent gate.
 36545 | Elf:2    | Found a runed translucent gate.
 36762 | Elf:2    | Received a gift from Nemelex Xobeh
 36866 | Elf:2    | Reached skill level 12 in Invocations
 37520 | Snake:4  | Bought a scroll of poison for 52 gold pieces
 37520 | Snake:4  | Bought a scroll of blinking for 97 gold pieces
 37520 | Snake:4  | Bought a scroll of blinking for 97 gold pieces
 37784 | Vaults:1 | Entered Level 1 of the Vaults
 37841 | Vaults:1 | Received a gift from Nemelex Xobeh
 38485 | Vaults:2 | Received a gift from Nemelex Xobeh
 38494 | Vaults:2 | Reached XP level 21. HP: 120/120 MP: 31/31
 38858 | Vaults:2 | Received a gift from Nemelex Xobeh
 38996 | Vaults:5 | Entered Level 5 of the Vaults
 39001 | Vaults:5 | Reached skill level 13 in Invocations
 39008 | Vaults:5 | Noticed an ancient lich
 39021 | Vaults:5 | Killed an ancient lich
 39044 | Vaults:5 | Noticed a golden dragon
 39056 | Vaults:5 | Killed a golden dragon
 39057 | Vaults:5 | Reached XP level 22. HP: 126/126 MP: 33/33
 39264 | Vaults:5 | Reached skill level 14 in Invocations
 39290 | Vaults:5 | Noticed a dread lich
 39299 | Vaults:5 | Noticed an ancient lich
 39300 | Vaults:5 | Killed a dread lich
 39306 | Vaults:5 | Killed an ancient lich
 39379 | Vaults:5 | Got a shining gem with 1315 turns to spare
 39382 | Vaults:5 | Got a silver rune of Zot
 39393 | Vaults:5 | Identified the +7 rapier of the Forsaken Princes {freeze,
                  | Str+2 Int+3 Dex+2}
 39527 | Vaults:5 | Received a gift from Nemelex Xobeh
 39540 | Vaults:5 | Noticed an ancient lich
 39550 | Vaults:5 | Killed an ancient lich
 39777 | Vaults:5 | Identified the +2 plate armour of the Elephant {Harm Will++
                  | Str+2 Dex-5}
 39783 | Vaults:5 | Received a gift from Nemelex Xobeh
 40206 | Vaults:5 | Identified the +1 chain mail of the Guilds {rPois rC+++
                  | Will- Dex-4}
 40591 | Vaults:1 | Received a gift from Nemelex Xobeh
 41217 | Vaults:2 | Reached XP level 23. HP: 132/132 MP: 34/34
 41269 | Vaults:2 | Received a gift from Nemelex Xobeh
 41806 | Vaults:3 | Identified the +0 hand axe of Onnais {flame, rElec rF- rC+
                  | rCorr}
 41945 | Vaults:3 | Received a gift from Nemelex Xobeh
 41973 | Vaults:3 | Found a staircase to the Crypt.
 41973 | Vaults:3 | Found an ancient bone altar of Kikubaaqudgha.
 41974 | Vaults:3 | Found a basalt altar of Yredelemnul.
 42035 | Vaults:3 | Found a runed translucent gate.
 42035 | Vaults:3 | Found a runed translucent gate.
 42035 | Vaults:3 | Found a runed translucent gate.
 42071 | Vaults:3 | Found a runed translucent gate.
 42071 | Vaults:3 | Found a runed translucent gate.
 42076 | Vaults:3 | Found a runed translucent gate.
 42080 | Vaults:3 | Noticed Viwk's ghost (veteran AtGl)
 42109 | Vaults:3 | Killed Viwk's ghost
 42121 | Vaults:3 | Learned a level 1 spell: Apportation
 42132 | Vaults:3 | Identified the +1 robe of the Charming Gods {Will+ Int+4}
 42510 | Vaults:3 | Reached skill level 15 in Invocations
 42544 | Vaults:3 | Received a gift from Nemelex Xobeh
 42917 | Vaults:4 | Reached skill level 15 in Shields
 43071 | Vaults:4 | Identified the +0 buckler of the Akabeko {rC+ Str+5 Stlth-}
 43288 | Vaults:4 | Received a gift from Nemelex Xobeh
 43468 | Vaults:4 | Noticed Ites's ghost (veteran DsAl)
 43469 | Vaults:4 | Found a transporter.
 43472 | Vaults:4 | Found a transporter.
 43581 | Vaults:4 | Killed Ites's ghost
 43664 | Vaults:4 | Noticed Jory
 43671 | Vaults:4 | Killed Jory
 43791 | Vaults:4 | Reached XP level 24. HP: 139/139 MP: 35/35
 44120 | Vaults:4 | Identified the +8 flail of Tomorrow {speed, +Blink Int+7}
 44200 | Vaults:4 | Identified the +4 plate armour of Impatience {^Contam rN+
                  | MP+9 Int+4}
 44212 | Vaults:4 | Identified the +6 great mace of Eternal Harmony {heavy,
                  | *Noise rElec Int+4}
 44513 | Crypt:1  | Entered Level 1 of the Crypt
 44527 | Crypt:1  | Received a gift from Nemelex Xobeh
 44801 | Crypt:1  | Learned a level 2 spell: Lesser Beckoning
 44941 | Crypt:2  | Reached skill level 1 in Spellcasting
 44941 | Crypt:2  | Noticed Zenata
 44959 | Crypt:1  | Reached skill level 16 in Invocations
 44961 | Crypt:1  | Killed Zenata
 44962 | Crypt:1  | Reached skill level 1 in Translocations
 45093 | Crypt:3  | Entered Level 3 of the Crypt
 45215 | Crypt:3  | Found a staircase to the Tomb.
 45287 | Crypt:3  | Received a gift from Nemelex Xobeh
 45500 | Crypt:3  | Acquired 799 gold pieces
 45547 | Crypt:3  | Noticed a royal mummy
 45554 | Crypt:3  | Killed a royal mummy
 45556 | Crypt:3  | Got an ivory gem with 214 turns to spare
 45570 | Crypt:3  | Got the Precepts of Desecration
 45574 | Crypt:3  | Got Pefasa Hagic's Elucidation of the Catacomb
 45580 | Crypt:3  | Reached skill level 5 in Spellcasting
 45729 | Crypt:3  | Received a gift from Nemelex Xobeh
 46424 | Crypt:2  | Received a gift from Nemelex Xobeh
 46492 | Crypt:2  | Reached XP level 25. HP: 144/144 MP: 36/36
 46493 | Crypt:2  | Reached skill level 5 in Translocations
 46642 | Crypt:2  | Received a gift from Nemelex Xobeh
 46705 | Crypt:2  | Identified the +7 sling "Kuzaru" {heavy, rN+ Dex+3}
 47067 | Crypt:2  | Received a gift from Nemelex Xobeh
 47722 | Slime:1  | Entered Level 1 of the Pits of Slime
 47728 | Slime:1  | Reached skill level 17 in Invocations
 47867 | Slime:3  | Noticed Dissolution
 47873 | Slime:3  | Killed Dissolution
 47910 | Slime:5  | Entered Level 5 of the Pits of Slime
 47941 | Slime:5  | Noticed the Royal Jelly
 47948 | Slime:5  | Killed the Royal Jelly
 47997 | Slime:5  | Got a starry gem with 340 turns to spare
 47999 | Slime:5  | Got a slimy rune of Zot
 48035 | Slime:5  | Identified the ring "Ihyitur" {rCorr Dex+7 Slay-2}
 48087 | Slime:5  | Got the Anthology of the Comitatus and the Discharge
 48098 | Slime:5  | Identified the staff of Uskayaw's Favour {rPois rC+ rCorr
                  | Str+5 Ice}
 48099 | Slime:5  | Identified the +3 long sword "Tuxamui" {venom, rC- Will+
                  | Dex+4}
 48303 | Slime:4  | Received a gift from Nemelex Xobeh
 48332 | Slime:4  | Reached skill level 18 in Invocations
 48848 | Slime:3  | Gained mutation: You are partially covered in iridescent
                  | scales. (AC +2) [a shining eye]
 48890 | Slime:3  | Received a gift from Nemelex Xobeh
 49100 | Slime:3  | Received a gift from Nemelex Xobeh
 49910 | Slime:1  | Received a gift from Nemelex Xobeh
 50676 | Tomb:1   | Entered Level 1 of the Tomb of the Ancients
 50685 | Tomb:1   | Learned a level 2 spell: Blink
 50725 | Tomb:1   | Noticed a royal mummy
 50734 | Tomb:1   | Killed a royal mummy
 50735 | Tomb:1   | Reached XP level 26. HP: 52/151 MP: 34/37
 50916 | Tomb:1   | Received a gift from Nemelex Xobeh
 50966 | Tomb:1   | Reached skill level 19 in Invocations
 51059 | Tomb:2   | Noticed a royal mummy
 51059 | Tomb:2   | Noticed a royal mummy
 51059 | Tomb:2   | Noticed a royal mummy
 51095 | Tomb:2   | Killed a royal mummy
 51103 | Tomb:2   | Killed a royal mummy
 51107 | Tomb:2   | Noticed a royal mummy
 51113 | Tomb:2   | Killed a royal mummy
 51124 | Tomb:2   | Killed a royal mummy
 51329 | Tomb:3   | Entered Level 3 of the Tomb of the Ancients
 51385 | Tomb:3   | Noticed a royal mummy
 51387 | Tomb:3   | Noticed a royal mummy
 51392 | Tomb:3   | Noticed a royal mummy
 51393 | Tomb:3   | Noticed a royal mummy
 51394 | Tomb:3   | Noticed a royal mummy
 51398 | Tomb:3   | Killed a royal mummy
 51404 | Tomb:3   | Killed a royal mummy
 51405 | Tomb:3   | Reached skill level 20 in Invocations
 51408 | Tomb:3   | Killed a royal mummy
 51415 | Tomb:3   | Killed a royal mummy
 51416 | Tomb:3   | Killed a royal mummy
 51433 | Tomb:3   | Noticed a royal mummy
 51448 | Tomb:3   | Killed a royal mummy
 51466 | Tomb:3   | Identified the ring "Fyzy" {rN++ Dex+6}
 51563 | Tomb:3   | Noticed a royal mummy
 51568 | Tomb:3   | Noticed a royal mummy
 51575 | Tomb:3   | Killed a royal mummy
 51575 | Tomb:3   | Noticed a royal mummy
 51585 | Tomb:3   | Killed a royal mummy
 51586 | Tomb:3   | Killed a royal mummy
 51649 | Tomb:3   | Got a sanguine gem with 366 turns to spare
 51651 | Tomb:3   | Got a golden rune of Zot
 51886 | Tomb:3   | Found the +12 glaive of Prune {freeze, Prune}
 51900 | Tomb:3   | Identified the ring "Cahumm" {rF- rC+ Str+6 SInv}
 51910 | Tomb:3   | Identified the +7 orcbow of Wyrd {drain, rElec}
 51921 | Tomb:3   | Got the Collected Works on Viperous Abhorrent Magicks
 51925 | Tomb:3   | Identified the staff of Texka {rC+ Dex+5 Ice Earth Alchemy}
 51930 | Tomb:3   | Identified the +4 plate armour "Ihas" {Harm Int+2 Dex-4}
 52168 | Tomb:1   | Received a gift from Nemelex Xobeh
 52437 | Tomb:1   | Received a gift from Nemelex Xobeh
 52615 | Tomb:2   | Reached skill level 21 in Invocations
 52757 | Tomb:2   | Received a gift from Nemelex Xobeh
 52839 | Tomb:1   | Noticed a royal mummy
 52839 | Tomb:1   | Noticed a royal mummy
 52845 | Tomb:1   | Killed a royal mummy
 52851 | Tomb:1   | Killed a royal mummy
 52852 | Tomb:1   | Reached XP level 27. HP: 153/158 MP: 0/38
 52964 | Tomb:1   | Noticed a royal mummy
 52968 | Tomb:1   | Noticed a royal mummy
 52973 | Tomb:1   | Noticed a royal mummy
 53027 | Tomb:1   | Learned a level 4 spell: Passage of Golubria
 53541 | Depths:1 | Entered Level 1 of the Depths
 53810 | Depths:1 | Reached skill level 22 in Invocations
 53815 | Depths:1 | Found Gozag's Assorted Antiques.
 53827 | Depths:1 | Found a magical portal.
 53838 | WizLab   | Entered Maxwell's Workshop
 53838 | WizLab   | Received a gift from Nemelex Xobeh
 53981 | WizLab   | Received a gift from Nemelex Xobeh
 54267 | WizLab   | Identified the +10 whip of Voamue {protect, Fly rPois rF+
                  | Str-2}
 54284 | WizLab   | Identified the ring "Wyxasaf" {Ice rElec Str-2 Int+2
                  | Slay+5}
 54324 | WizLab   | Identified the +11 arbalest of Focus {flame, MP+9 Str+4
                  | Int-3}
 54360 | WizLab   | Identified the ring "Nano" {Fire *Slow rCorr Dex+3}
 54451 | Depths:1 | Found an opulent altar of Gozag.
 54451 | Depths:1 | Found Gozag's Antique Weapon Boutique.
 54454 | Depths:1 | Found Gozag's Antique Armour Shop.
 54659 | Depths:1 | Found a gateway to Hell.
 54706 | Depths:1 | Found a corrupted altar of Lugonu.
 54747 | Depths:1 | Received a gift from Nemelex Xobeh
 54927 | Depths:1 | Found a one-way gate leading to the halls of Pandemonium.
 55041 | Depths:2 | Reached skill level 23 in Invocations
 55315 | Depths:2 | Received a gift from Nemelex Xobeh
 55380 | Depths:3 | Found a one-way gate to the infinite horrors of the Abyss.
 55390 | Depths:4 | Entered Level 4 of the Depths
 55416 | Depths:4 | Reached skill level 24 in Invocations
 55440 | Depths:4 | Found a gate to the Realm of Zot.
 55447 | Depths:4 | Got a midnight gem with 982 turns to spare
 55505 | Depths:3 | Found the +7 lajatang of Order {silver, rMut}
 55557 | Depths:4 | Received a gift from Nemelex Xobeh
 55585 | Depths:4 | Found a one-way gateway to a ziggurat.
 55707 | Depths:4 | Found a white marble altar of Elyvilon.
 55764 | Depths:4 | Received a gift from Nemelex Xobeh
 56400 | Depths:4 | Identified the +0 trident of the Firefly {spect, *Noise rF+
                  | Int+3 Dex+3}
 56528 | Depths:3 | Found Circhir's General Store.
 56536 | Depths:3 | Bought a scroll of silence for 104 gold pieces
 56570 | Depths:3 | Reached skill level 25 in Invocations
 57019 | Abyss:3  | Cast into level 3 of the Abyss (vampire knight)
 57021 | Abyss:3  | Found a corrupted altar of Lugonu.
 57079 | Abyss:3  | Reached skill level 26 in Invocations
 57087 | Abyss:3  | Reached skill level 5 in Stealth
 57095 | Abyss:3  | Got an abyssal rune of Zot
 57121 | Depths:3 | Escaped the Abyss
 57221 | Depths:3 | Noticed a juggernaut
 57231 | Depths:3 | Killed a juggernaut
 57412 | Depths:3 | Found a glowing silver altar of Zin.
 57412 | Depths:3 | Found a white marble altar of Elyvilon.
 57413 | Depths:3 | Found a glowing golden altar of the Shining One.
 57451 | Depths:3 | Found Biuqel's Assorted Antiques.
 57452 | Depths:3 | Found Vuydac's Jewellery Shop.
 57452 | Depths:3 | Found Paboyjaa's Antique Weapon Boutique.
 57457 | Depths:3 | Found Gul Ikux's Assorted Antiques.
 57556 | Depths:2 | Found a radiant altar of Vehumet.
 57626 | Depths:2 | Identified the +0 ring mail of Weightlessness {rPois
                  | Regen+}
 57653 | Depths:2 | Identified the +8 short sword "Tuwaemi" {freeze, +Blink rN+
                  | Str+3}
 57812 | Depths:2 | Found Guratol's Blood Bar.
 58210 | Depths:3 | Bought a glowing cloak for 210 gold pieces
 58210 | Depths:3 | Bought a scroll of blinking for 210 gold pieces
 58210 | Depths:3 | Bought a scroll of poison for 112 gold pieces
 58578 | Snake:4  | Bought the ring of Suheog {rF+ Int+3} for 421 gold pieces
 58968 | Zot:1    | Entered Level 1 of the Realm of Zot
 59199 | Zot:3    | Reached skill level 27 in Invocations
 59260 | Zot:3    | Received a gift from Nemelex Xobeh
 59322 | Zot:4    | Learned a level 3 spell: Passwall
 59327 | Zot:4    | Identified the ring of the Kangaroo {Ice ^Contam rElec
                  | Str+7 Dex-5}
 59327 | Zot:4    | Noticed Josephina
 59337 | Zot:4    | Killed Josephina
 59345 | Zot:4    | Reached skill level 1 in Earth Magic
 59403 | Zot:5    | Entered Level 5 of the Realm of Zot
 59489 | Zot:5    | Got a prismatic gem with 251 turns to spare
 59613 | Zot:4    | Identified the +0 robe "Uqylleca" {rF++}
 59847 | Zot:4    | Identified the ring "Bamiem Koib" {rN+ Will- Int+3}
 60128 | Depths:1 | Bought runed gold dragon scales for 8300 gold pieces
 60229 | Zot:1    | Received a gift from Nemelex Xobeh
 60243 | Zot:1    | Noticed Vv
 60250 | Zot:1    | Banished Vv
 60342 | Zot:1    | Noticed an orb of fire
 60354 | Zot:1    | Killed an orb of fire
 60365 | Zot:1    | Reached skill level 5 in Earth Magic
 60655 | Zot:1    | Found the +4 dragonskin cloak {Aegis}
 60655 | Zot:1    | Noticed Tiamat
 60693 | Zot:1    | Killed Tiamat
 60877 | Zot:2    | Identified the +1 pair of gloves "Miqijant" {rC- Str+4
                  | Stlth+}
 60919 | Zot:2    | Got Ceuneshri's Precepts of Cleavage and Algor
 60949 | Zot:2    | Identified the +5 demon trident of the Imbibing Seeker
                  | {vamp, Dex+5}
 61232 | Zot:2    | Identified the ring "Hirphiot" {rPois rF- Will+ MP+9 Dex+3}
 61360 | Zot:2    | Received a gift from Nemelex Xobeh
 61850 | Zot:3    | Received a gift from Nemelex Xobeh
 61908 | Zot:3    | You fall into a shaft and drop 1 floor!
 62005 | Zot:4    | Learned a level 3 spell: Fugue of the Fallen
 62828 | Zot:5    | Reached skill level 1 in Necromancy
 62894 | Zot:5    | Noticed a dread lich
 62899 | Zot:5    | Killed a dread lich
 62901 | Zot:5    | Noticed an ancient lich
 62905 | Zot:5    | Killed an ancient lich
 62905 | Zot:5    | Noticed an orb of fire
 62910 | Zot:5    | Killed an orb of fire
 62910 | Zot:5    | Noticed an orb of fire
 62911 | Zot:5    | Reached skill level 5 in Necromancy
 62912 | Zot:5    | Lost mutation: You are partially covered in iridescent
                  | scales. (AC +2) [an orb of fire]
 62916 | Zot:5    | Gained mutation: Your body sometimes deteriorates upon
                  | taking damage. [an orb of fire]
 62922 | Zot:5    | Killed an orb of fire
 62922 | Zot:5    | Noticed an orb of fire
 62935 | Zot:5    | Killed an orb of fire
 62941 | Zot:5    | Noticed an orb of fire
 62944 | Zot:5    | Killed an orb of fire
 62971 | Zot:5    | Noticed an ancient lich
 62975 | Zot:5    | Killed an ancient lich
 63338 | Zot:5    | Got the Orb of Zot
 63443 | Zot:3    | Lost mutation: Your body sometimes deteriorates upon taking
                  | damage. [potion of mutation]
 63443 | Zot:3    | Gained mutation: A frigid envelope surrounds you and
                  | freezes all who hurt you. [potion of mutation]
 63443 | Zot:3    | Gained mutation: Your magical capacity is low. (-10% MP)
                  | [potion of mutation]
 63443 | Zot:3    | Gained mutation: You are robust. (+10% HP) [potion of
                  | mutation]
 63575 | Zot:2    | Noticed Qiwiomn the pandemonium lord
 63645 | Depths:4 | Noticed Wizeuc the pandemonium lord
 63653 | Depths:4 | Killed Wizeuc the pandemonium lord
 63734 | Depths:1 | Noticed Toisemirr the pandemonium lord
 63866 | D:9      | Noticed Mesma Housi the pandemonium lord
 63882 | D:9      | Killed Mesma Housi the pandemonium lord
 63887 | D:9      | Noticed Wysent the pandemonium lord
 63893 | D:9      | Killed Wysent the pandemonium lord
 63908 | D:9      | Noticed Haocama the pandemonium lord
 63916 | D:9      | Killed Haocama the pandemonium lord
 63944 | D:9      | Noticed Mozebby the pandemonium lord
 64071 | D:$      | Escaped with the Orb!

Illustrated notes

Levels and vault maps discovered:
D:1:      dpeg_arrival_snail, layout_basic, basic_ecumenical_altar,
          hangedman_feature_mirror, minmay_heptomino_w4
D:2:      layout_rooms, uniq_crazy_yiuf_cottage
D:3:      layout_basic, gup_sewer_entry_pipe, ebering_ghost_rock_garden
D:4:      nicolae_BIG_FREAKIN_CUBE, layout_loops_corners
D:5:      layout_rooms, temple_green, grunt_ministairs_6, columned_hall_lemuel,
          minmay_misc_feat_doors, chequers_serial_rivers_micro_a
D:6:      kennysheep_housing_project, layout_rooms, uniq_edmund
D:7:      layout_loops_ring, mainiacjoe_overflow_large_starburst,
          nicolae_sif_muna_condensation, nicolae_lava_and_water,
          serial_park_tiny_2
D:8:      layout_basic, lair_entry_dummy
D:9:      layout_roguey, nicolae_overflow_hallway_of_the_gods, enter_bailey_7,
          nicolae_straight_to_the_point
D:10:     layout_basic
D:11:     layout_irregular_city, gauntlet_entry_generic, eino_house_with_fridge,
          uniq_grum
D:12:     layout_basic, orc_0_dummy
D:13:     layout_loops_corners, grunt_vaults_entry_tiered
D:14:     layout_loops_ring, uniq_agnes
D:15:     grunt_enter_depths_giant_problem, layout_loops_cross, serial_demonic,
          serial_demonic_f, serial_demonic_d, serial_demonic_g,
          serial_demonic_b, serial_library_hellmonk_semicircle
Temple:   nicolae_temple_god_jail
Lair:1:   layout_chaotic_city, st_stairs_6, infiniplex_staircase_pool
Lair:2:   layout_loops_ring, swamp_mist, alex1729_snake_entry_snake,
          portal_ice_cave_entry_pillars_1, minivault_19, hangedman_tree_tricks,
          lemuel_old_faithful
Lair:3:   layout_cave_pods, serial_bayou_shore_a
Lair:4:   layout_misc_corridors, minmay_shattered_shrine
Lair:5:   minmay_lair_end_frog_pond, layout_concentric_octagons,
          nicolae_slime_entry_slimehenge
Swamp:1:  layout_falls_marsh, evilmike_swamp_ruin_rubble_2, uniq_mlioglotl
Swamp:2:  layout_basic_swamp, hangedman_swamp_cone, swamp_pool_4,
          nicolae_swamp_stair_fork
Swamp:3:  regret_index_all_hallows'_manor, layout_basic_swamp,
          evilmike_swamp_ruin_house_5, swamp_pool_5, infiniplex_staircase_pool_2
Swamp:4:  grunt_swamp_rune_castle, layout_basic_swamp, uniq_bai_suzhen,
          uniq_aizul
Snake:1:  gammafunk_the_bubble [the_bubble_gammafunk_crates], layout_gridlike,
          grunt_ministairs_10, nicolae_snake_gridmaze_entwining, st_stairs_10,
          serial_library_hellmonk_small_corner, uniq_roxanne
Snake:2:  layout_chambers, nicolae_snake_biting_tails, drop_trap,
          nicolae_twisty_statue_hallways, grunt_megastairs_2,
          serial_bayou_shore_b
Snake:3:  layout_grid_shapes
Snake:4:  johnstein_snake_rune_scales, layout_gridlike, serial_shops, shop,
          nicolae_shop_peninsula, shop, shop, nicolae_snake_gridmaze_squiggle,
          nicolae_wooded_promenade, nicolae_snake_scaly_snakehead,
          serial_bayou_shore_b, serial_bayou_shore_b
Slime:1:  layout_caves, special_room [special_room_jelly]
Slime:2:  cheibrodos_slime_lost_civilization_8, layout_caves, basic_altar
Slime:3:  layout_caves, dissolution_awaits
Slime:4:  layout_caves, cheibrodos_slime_lost_civilization_5
Slime:5:  slime_pit_nicolae_jellycorners
Orc:1:    cheibrodos_orc_arena, layout_caves, mines1_david
Orc:2:    st_orc_rangers, layout_caves
Elf:1:    layout_gridlike, serial_shops, shop, shop, nicolae_shop_waterfront,
          guppyfry_library_mini
Elf:2:    elven_hall_of_blades_hangedman_original
          [nicolae_blade_entry_antechamber], layout_gridlike
Elf:3:    minmay_elf_hall, layout_geoelf_octagon,
          hellmonk_guarded_unrand_gyre_and_gimble
Vaults:1: vaults_dpeg_emergency_exit, nicolae_vaults_wine_cellar,
          dpeg_vaults_monster_row, nicolae_vaults_closet_pinwheel_2, v_misc_10,
          hangedman_vaults_nodes, v_pattern_1, vaults_dpeg_hooks,
          ontoclasm_vaults_bender, nicolae_vaults_little_squares_2,
          nicolae_vaults_little_squares_4, nicolae_vaults_house_1,
          nicolae_vaults_double_plus_3, layout_vaults_ring
Vaults:2: hangedman_vaults_slither, v_misc_28, nicolae_vaults_sightless_eye,
          v_rooms_1, v_misc_3, nicolae_vaults_angled_halls,
          ontoclasm_vaults_decontamination,
          nicolae_vaults_antechamber_and_loot_room, layout_vaults_omnigrid
Vaults:3: ploomutoo_gammafunk_ghost_potion_laboratory,
          nicolae_vaults_tetromino_T_1, minmay_crypt_entry_necro_gods,
          ontoclasm_vaults_chip, ontoclasm_vaults_claustrophobia,
          nicolae_vaults_door_testing_chamber, nicolae_vaults_mini_display_case,
          nicolae_vaults_shrinking_rooms_2, nicolae_vaults_triangles,
          nicolae_vaults_little_ls, nicolae_vaults_little_squares_3,
          layout_vaults_omnicross
Vaults:4: gammafunk_ghost_arena, st_greater_box_5, v_misc_29,
          vaults_standard_mumra_enter_the_diamond,
          nicolae_vaults_storage_closets_3, nicolae_vaults_trapezoid_3,
          v_misc_1, vaults_room_pool, nicolae_vaults_theta,
          ontoclasm_vaults_ring_small, v_alt_pattern_4, v_misc_30,
          nicolae_vaults_border_crossing, nicolae_vaults_asterisk,
          vaults_room_grid, nicolae_vaults_trapezoid_lopsided_2, serial_ice_g,
          layout_vaults_omnibox, uniq_jory
Vaults:5
Crypt:1:  layout_misc_corridors, serial_library_hellmonk_junction,
          nicolae_crypt_ex-fountain, grunt_crypt_arrival_webbed
Crypt:2:  hangedman_hall_of_fallen_heroes, layout_chaotic_city, uniq_zenata
Crypt:3:  due_elkab, layout_chaotic_city, nicolae_tomb_entry_grand_gallery
Tomb:1
Tomb:2
Tomb:3
Depths:1: kennysheep_gozag_temple, layout_cave_pools, minmay_door_square,
          hell_entry, grunt_pan_entry_zigzag, mu_enter_wizlab_5,
          hangedman_abyss_or_decor_jellyfish_corner, drop_trap, tgw_lugonu_bribe
Depths:2: minmay_the_grid_four_pointed_star_mashed
          [minmay_the_grid_triangle_9x9_corrupted_corridor,
          minmay_the_grid_triangle_9x9_sparse_checkered,
          minmay_the_grid_triangle_9x9_limited_checkers,
          minmay_the_grid_triangle_9x9_flanged_cone,
          minmay_the_grid_prize_four_corners], layout_cave_pools,
          grunt_hell_entry_dis_old, rand_demon_pan_entry_1,
          nicolae_vehumet_altar_sigil, guppyfry_shop_blood
Depths:3: kennysheep_large_spiral, layout_cross, serial_shops, shop,
          hellmouth_3, good_gods_mini_temple,
          nicolae_abyss_entry_one_way_or_another, firewood_loft,
          minmay_shoptagon
Depths:4: grunt_zot_entry_pinwheel, layout_gridville, enter_ziggurat_b,
          nicolae_elyvilon_temple_path, rand_demon_pan_entry_9,
          pf_hell_entry_tar_spiral
Zot:1:    layout_gridlike, uniq_tiamat, uniq_vv
Zot:2:    layout_cellular_growth, st_small_dragon_hoard_3
Zot:3:    nicolae_moth_party, layout_basic, regret_index_zotdec_twisting_globes
Zot:4:    layout_cellular_growth, skrybe_zot_glass_1, uniq_josephina
Zot:5:    layout_gridlike, regret_index_zotdec_stipple_waver

Skill      XL: |  1  2  3  4  5  6  7  8  9 10 11 12 13 14 15 16 17 18 19 20 21 22 23 24 25 26 27 |
---------------+----------------------------------------------------------------------------------+-----
Fighting       | 3 8 9 10 11 12 13 14 15 16 17 18 19 20 22 | 22.8
Throwing       | 1 |  1.0
Unarmed Combat | 8 9 10 11 12 13 14 15 16 17 18 19 20 22 | 22.3
Stealth        | 1 3 4 6 |  6.0
Evocations     | 1 3 4 |  4.0
Dodging        | 1 2 3 4 7 9 11 12 13 | 13.0
Shields        | 4 6 7 9 10 11 12 13 14 15 16 17 18 20 | 20.2
Invocations    | 2 4 6 8 9 11 12 13 14 15 16 18 21 27 | 27.0
Armour         | 3 4 5 |  5.4
Shapeshifting  | 8 13 16 17 18 19 | 19.0
Spellcasting   | 6 |  6.0
Translocations | 4 6 |  6.0
Earth Magic    | 6 |  6.0
Necromancy     | 6 |  6.0

Action                     |  1- 3 |  4- 6 |  7- 9 | 10-12 | 13-15 | 16-18 | 19-21 | 22-24 | 25-27 || total
---------------------------+-------+-------+-------+-------+-------+-------+-------+-------+-------++-------
  Melee: Unarmed           |   105 |   130 |   236 |   448 |   785 |  1102 |   558 |  1008 |  1891 ||  6263
         Bite              |    23 |    29 |    58 |   156 |   330 |   460 |   220 |   457 |   838 ||  2571
  Throw: Dart              |    13 |    21 |    44 |    85 |   106 |   101 |       |       |     1 ||   371
   Cast: Apportation       |       |       |       |       |       |       |       |     7 |    10 ||    17
         Lesser Beckoning  |       |       |       |       |       |       |       |     2 |    31 ||    33
         Passwall          |       |       |       |       |       |       |       |       |     8 ||     8
         Fugue of the Fall |       |       |       |       |       |       |       |       |     4 ||     4
         Blink             |       |       |       |       |       |       |       |       |     1 ||     1
 Invoke: Draw Destruction  |       |       |       |     3 |    45 |    32 |    49 |    36 |    75 ||   240
         Draw Summoning    |       |       |       |     2 |    15 |    11 |    10 |    12 |    23 ||    73
         Draw Escape       |       |       |       |       |    10 |    10 |     5 |    14 |    17 ||    56
         Draw Stack        |       |       |       |       |     3 |    16 |     4 |     1 |     5 ||    29
         Stack Five        |       |       |       |       |     1 |     3 |     1 |       |     1 ||     6
         Deal Four         |       |       |       |       |       |     3 |       |       |     6 ||     9
         Triple Draw       |       |       |       |       |       |       |       |       |     2 ||     2
  Evoke: Wand              |       |     1 |    15 |    26 |    29 |    41 |    10 |     3 |    17 ||   142
         Lightning rod     |       |       |       |       |     8 |    12 |     9 |     4 |     8 ||    41
         Sack of spiders   |       |       |       |       |     2 |     3 |     1 |     1 |     3 ||    10
         Phial of floods   |       |       |       |       |     1 |     1 |     1 |     2 |     1 ||     6
         Tin of tremorston |       |       |       |       |       |       |       |     2 |     8 ||    10
         Phantom mirror    |       |       |       |       |       |       |       |       |     2 ||     2
    Use: Potion            |     1 |     5 |       |     4 |     3 |    12 |    11 |     2 |    15 ||    53
         Scroll            |     5 |     5 |     8 |    15 |     8 |    12 |     6 |     3 |    26 ||    88
   Stab: Invisible         |       |       |       |     4 |    12 |     7 |     2 |       |     4 ||    29
         Petrified         |       |       |       |       |     4 |       |     1 |       |       ||     5
         Distracted        |       |       |       |       |     6 |     7 |     6 |     9 |    23 ||    51
         Betrayed ally     |       |       |       |       |     2 |       |       |       |       ||     2
         Confused          |       |       |       |       |     1 |       |       |       |       ||     1
         Sleeping          |       |       |       |       |       |       |     5 |    10 |    21 ||    36
         Held in net/web   |       |       |       |       |       |       |     1 |       |       ||     1
         Petrifying        |       |       |       |       |       |       |       |     1 |       ||     1
 Armour: Scale mail        |    64 |    85 |     3 |       |       |       |       |       |       ||   152
         Ring mail         |       |       |   114 |   207 |   133 |   201 |       |       |       ||   655
         Leather armour    |       |       |       |    35 |       |       |       |       |       ||    35
         Plate armour      |       |       |       |       |   273 |   499 |       |       |       ||   772
         Skin              |       |       |       |       |       |    38 |   406 |   506 |  1357 ||  2307
  Dodge: Dodged            |    46 |    61 |   165 |   267 |   425 |   547 |   395 |   627 |  1433 ||  3966
  Block: Buckler           |    17 |    39 |    58 |    40 |       |       |       |       |       ||   154
         Kite shield       |       |       |       |   198 |   499 |   446 |       |       |       ||  1143
         Tower shield      |       |       |       |       |       |   817 |  1075 |  1891 |  3779 ||  7562
         Form:             |       |       |       |       |       |     3 |       |       |       ||     3
         Statue            |       |       |       |       |       |     3 |       |       |       ||     3
         Serpent           |       |       |       |       |       |     1 |       |       |       ||     1

Table legend: (Time is in decaauts)
 A = Elapsed time spent in this place.
 B = Non-inter-level travel time spent in this place.
 C = Inter-level travel time spent in this place.
 D = Time resting spent in this place.
 E = Time spent auto-exploring this place.
 F = Levels seen in this place.
 G = Mean time per level.
                   A        B        C        D        E       F      G
               +--------+--------+--------+--------+--------+-----+--------+
         Total |  81645 |  67427 |  14218 |   1270 |  44691 |  65 | 1256.1 |
       Dungeon |  17460 |  12756 |   4704 |    114 |   8542 |  15 | 1164.0 |
        Temple |     10 |     10 |      0 |      0 |      0 |   1 |   10.0 |
          Lair |   6940 |   5109 |   1831 |     95 |   3495 |   5 | 1388.0 |
         Swamp |   4334 |   3721 |    613 |    182 |   2323 |   4 | 1083.5 |
     Snake Pit |   7021 |   5364 |   1657 |     76 |   3742 |   4 | 1755.2 |
    Slime Pits |   3806 |   3405 |    401 |     25 |   2489 |   5 |  761.2 |
  Orcish Mines |   1553 |   1300 |    253 |     56 |    834 |   2 |  776.5 |
   Elven Halls |   4352 |   4052 |    300 |      0 |   2759 |   3 | 1450.7 |
        Vaults |  11260 |   9593 |   1667 |     27 |   7165 |   5 | 2252.0 |
         Crypt |   4727 |   4155 |    572 |     46 |   2786 |   3 | 1575.7 |
          Tomb |   3633 |   3277 |    356 |    213 |   1652 |   3 | 1211.0 |
        Depths |   6886 |   5844 |   1042 |    193 |   3959 |   4 | 1721.5 |
           Zot |   6993 |   6178 |    815 |    157 |   3808 |   5 | 1398.6 |
         Abyss |    164 |    164 |      0 |      0 |      0 |   1 |  164.0 |
         Sewer |    316 |    316 |      0 |      0 |    215 |   1 |  316.0 |
        Bailey |    355 |    355 |      0 |      0 |    128 |   1 |  355.0 |
      Ice Cave |    246 |    246 |      0 |     68 |      0 |   1 |  246.0 |
        Wizlab |    906 |    906 |      0 |      0 |    519 |   1 |  906.0 |
      Gauntlet |    675 |    675 |      0 |     14 |    270 |   1 |  675.0 |
               +--------+--------+--------+--------+--------+-----+--------+

Top non-repeatable levels by time:
Vaults:4: 2520 daAuts
Vaults:1: 2334 daAuts
Vaults:2: 2246 daAuts
  Lair:2: 2225 daAuts
Vaults:3: 2127 daAuts
 Snake:2: 2113 daAuts
 Snake:4: 2104 daAuts
 Crypt:3: 2095 daAuts
Vaults:5: 2032 daAuts
Depths:4: 2009 daAuts
Depths:1: 1816 daAuts
 Swamp:3: 1784 daAuts
     D:9: 1773 daAuts
Depths:3: 1714 daAuts
  Tomb:1: 1704 daAuts
